 Dungeon Crawl Stone Soup version 0.30-b1-2-g02819fbbbe (webtiles) character file.

Game seed: 16897137369150995340

8885 Chingon the Severer (level 11, -4/85 HPs)
             Began as a Minotaur Fighter on May 19, 2023.
             Was a High Priest of Okawaru.
             Engulfed by a death drake (shapeshifter)'s foul pestilence (12 damage)
             ... on level 9 of the Dungeon.
             The game lasted 00:13:59 (7310 turns).

Chingon the Severer (Minotaur Fighter)              Turns: 7310, Time: 00:13:59

Health: -4/85      AC: 17    Str: 25    XL:     11   Next: 15%
Magic:  17/17      EV: 20    Int:  5    God:    Okawaru [*****.]
Gold:   1359       SH: 10    Dex: 12    Spells: 10/10 levels left

rFire   . . .        M - +6 broad axe
rCold   . . .        c - +0 buckler
rNeg    . . .        H - +5 scale mail "Qeuhut" {+Blink Dex+2}
rPois   +            (helmet restricted)
rElec   .            y - +2 cloak {rPois}
rCorr   .            r - +0 pair of gloves
SInv    +            l - +0 pair of boots
Will    .....        q - amulet of reflection
Stlth   x              - ring of the Hare {EV+10}
HPRegen 0.34/turn    O - ring of see invisible
MPRegen 0.15/turn

%: reflection
@: slowed, very slow
A: horns 2, retaliatory headbutt
a: Renounce Religion, Evoke Blink, Heroism, Finesse, Duel


You were on level 9 of the Dungeon.
You worshipped Okawaru.
Okawaru was extremely pleased with you.
You visited 2 branches of the dungeon, and saw 10 of its levels.
You also visited: Bailey.

You collected 1359 gold pieces.

Inventory:

Hand Weapons
 J - a +3 morningstar
 M - a +6 broad axe (weapon)
 N - the +10 spear of the Badger {flame, rElec Dex+2 SInv}
   (You found it in a bailey)

   Dex:       It affects your dexterity (+2).
   rElec:     It insulates you from electricity.
   SInv:      It lets you see invisible.
Missiles
 n - a throwing net (quivered)
Armour
 c - a +0 buckler (worn)
 f - a +0 plate armour
 l - a +0 pair of boots (worn)
 r - a +0 pair of gloves (worn)
 y - a +2 cloak of poison resistance (worn)
 H - the +5 scale mail "Qeuhut" (worn) {+Blink Dex+2}
   (You found it on level 6 of the Dungeon)

   Dex:       It affects your dexterity (+2).
   +Blink:    It lets you blink.
Jewellery
 e - a ring of fire
 i - a ring of resist corrosion
 q - an amulet of reflection (around neck)
 x - the ring of the Hare (left hand) {EV+10}
   (You acquired it in a bailey)

   [ring of evasion]

   EV:        It affects your evasion (+10).
 A - an amulet of the acrobat
 O - a ring of see invisible (right hand)
Wands
 t - a wand of flame (29)
 C - a wand of quicksilver (6)
 D - a wand of mindburst (11)
 E - a wand of roots (6)
Scrolls
 a - 3 scrolls of enchant weapon
 b - a scroll of blinking
 g - 4 scrolls of enchant armour
 j - a scroll of fog
 m - 3 scrolls of teleportation
 B - a scroll of poison
 G - a scroll of fear
 K - a scroll of amnesia {unknown}
 L - 2 scrolls of summoning {unknown}
 P - 2 scrolls of identify
Potions
 d - 5 potions of might
 h - a potion of brilliance {unknown}
 k - 4 potions of resistance
 o - 3 potions of curing
 p - 5 potions of lignification
 s - a potion of ambrosia {unknown}
 u - 3 potions of attraction {unknown}
 v - 2 potions of degeneration {unknown}
 w - a potion of haste {unknown}
 z - a potion of magic {unknown}
 F - 2 potions of heal wounds {unknown}
 I - a potion of experience
 Q - 2 potions of flight {unknown}


   Skills:
 + Level 4.6 Fighting
 - Level 16.0 Axes
 + Level 4.5 Armour
 + Level 2.2 Dodging
 + Level 4.5 Shields
 - Level 10.0 Invocations


You had 10 spell levels left.
You didn't know any spells.
Your spell library contained the following spells:

 Spells                   Type           Power      Damage    Failure   Level
 Freeze                   Ice            0%         1d3       82%         1
 Magic Dart               Conj           0%         1d3       82%         1
 Cigotuvi's Dreadful Rot  Necr/Pois/Air  0%         N/A       91%         2
 Poisonous Vapours        Pois/Air       0%         N/A       91%         2
 Searing Ray              Conj           0%         2d4       91%         2
 Frozen Ramparts          Ice            0%         1d1       99%         3
 Hailstorm                Conj/Ice       0%         3d3       99%         3
 Ignite Poison            Fire/Tmut/Pois 0%         N/A       99%         3
 Mephitic Cloud           Conj/Pois/Air  0%         N/A       99%         3
 Portal Projectile        Hex/Tloc       0%         N/A       99%         3
 Fulminant Prism          Conj/Hex       0%         3d5       100%        4
 Blade Hands              Tmut           0%         N/A       100%        5
 Freezing Cloud           Conj/Ice/Air   0%         6-21      100%        5
 Tukima's Dance           Hex            Unusable   N/A       N/A         3

Dungeon Overview and Level Annotations

Branches:
Dungeon (9/15)             Temple (1/1) D:4          Bailey (visited)
   Lair: D:8-11         Orc: D:9-12

Altars:
Ashenzari
Cheibriados
Dithmenos
Elyvilon
Fedhas
Gozag
Hepliaklqana
Kikubaaqudgha
Makhleb
Okawaru
Qazlal
Ru
Sif Muna
Uskayaw
Vehumet
Wu Jian
Xom
Zin
The Shining One

Shops:
D:1 ?   D:7 (

Annotations:
D:6 3 runed translucent doors, DevastatorOne's ghost, novice DjFi


Innate Abilities, Weirdness & Mutations

You have a pair of horns on your head.
You reflexively headbutt those who attack you in melee.


Message History

The skyshark misses you. The skyshark tail-slaps you!
You slice the skyshark!!
The skyshark is heavily wounded.
The skyshark bites you but does no damage.
The skyshark tail-slaps you but does no damage.
The skyshark misses you.
You hit the skyshark.
The skyshark is heavily wounded.
You closely miss the skyshark.
The skyshark is heavily wounded.
The skyshark bites you!
The skyshark enters a blood-rage!
The skyshark tail-slaps you. The skyshark misses you.
You barely miss the skyshark.
The skyshark is heavily wounded.
You block the skyshark's attack. x2; The skyshark misses you.
You barely miss the skyshark. You headbutt the skyshark.
The skyshark is heavily wounded.
The skyshark changes into a death drake!
You barely miss the death drake. You block the death drake's attack.
You slice the death drake!!
The death drake is moderately wounded.
The death drake breathes miasma at you. The foul vapour engulfs you!
You hit the death drake but do no damage.
Your headbutt misses the death drake.
The death drake is moderately wounded.
You are engulfed in dark miasma.
You are poisoned.
You feel very sick. The death drake misses you.
You hit the death drake but do no damage.
The death drake is moderately wounded.
You are engulfed in dark miasma.
You feel yourself slow down.
* * * LOW HITPOINT WARNING * * *
x2 You feel very sick.
The death drake breathes miasma at you. The foul vapour engulfs you!
You are lethally poisoned!
* * * LOW HITPOINT WARNING * * *
You feel better.
You are engulfed in dark miasma.
You die...

...... #.....# ###.#...#
.........#
.#########..##.#...#####
...........>........ ..#
.......°...........###..
......k°°...............
#####@#####..#...####.
#...°°°...#..#.......[
#.#..°.°#.#..#......[.
.. #.....#.#...........
..# #.....#.#..#...##.##
.'.##...##.'..#...##)##
#..#...#..#..#...##.##
#..##)##..#...........
#..###..##.........).


You could see a death drake shaped shifter.

Vanquished Creatures
  An orc warlord (Bailey)
  Erolcha (D:9)
  A catoblepas (D:9)
  A skeletal warrior (D:9)
  Maggie (D:6)
  A gargoyle (D:9)
  Prince Ribbit (D:5)
  A hornet (D:7)
  Grinder (D:6)
  Sigmund (D:3)
  4 yaks (D:8)
  An acid dragon (D:9)
  2 water moccasins
  A floating eye (shapeshifter) (D:9)
  6 orc warriors
  2 sky beasts
  An ice beast (D:6)
  An ogre (D:5)
  5 centaurs
  A phantom (D:5)
  2 kobold brigands
  4 bullfrogs
  A gnoll sergeant (D:8)
  A scorpion (D:5)
  11 wights (D:7)
  6 killer bees (D:9)
  An electric eel (D:9)
  4 howler monkeys (D:9)
  7 hounds
  4 orc priests
  A gnoll bouda (D:6)
  2 sleepcaps
  A jelly (D:7)
  Crazy Yiuf (D:3)
  Ijyb (D:5)
  3 iguanas
  Natasha (thrice) (D:3)
  6 orc wizards
  11 adders
  16 gnolls
  A shadow imp (D:5)
  A white imp (D:6)
  3 worms (D:2)
  2 dart slugs (D:3)
  28 orcs
  3 bats
  4 endoplasms
  A giant cockroach (D:2)
  13 goblins
  7 hobgoblins
  4 jackals (D:5)
  25 kobolds
  A quokka (D:3)
  A ball python (D:1)
  3 frilled lizards
  14 rats
231 creatures vanquished.

Vanquished Creatures (others)
  58 plants
58 creatures vanquished.

Grand Total: 289 creatures vanquished

Notes
Turn   | Place    | Note
-------+----------+-------------------------------------------
     0 | D:1      | Chingon the Minotaur Fighter began the quest for the Orb.
     0 | D:1      | Reached XP level 1. HP: 19/19 MP: 0/0
    23 | D:1      | Found Kamok's Magic Scroll Shoppe.
   109 | D:1      | Reached skill level 3 in Axes
   112 | D:1      | Reached XP level 2. HP: 12/26 MP: 1/1
   356 | D:1      | Reached skill level 4 in Axes
   546 | D:1      | Reached XP level 3. HP: 31/31 MP: 2/2
   908 | D:2      | Reached skill level 5 in Axes
   909 | D:2      | Reached XP level 4. HP: 22/39 MP: 3/3
  1035 | D:2      | Identified the amulet of Gorphim {Spirit Harm Will- Dex+2}
  1169 | D:2      | Found a shimmering altar of Xom.
  1478 | D:3      | Noticed Natasha
  1485 | D:3      | Killed Natasha
  1486 | D:3      | Reached skill level 6 in Axes
  1493 | D:3      | Noticed Natasha
  1501 | D:3      | Killed Natasha
  1502 | D:3      | Reached XP level 5. HP: 31/45 MP: 4/4
  1613 | D:3      | Noticed Sigmund
  1618 | D:3      | Reached skill level 7 in Axes
  1625 | D:3      | Killed Sigmund
  1626 | D:3      | Reached skill level 8 in Axes
  1626 | D:3      | Reached XP level 6. HP: 49/51 MP: 5/5
  1891 | D:3      | Noticed Natasha
  1901 | D:3      | Killed Natasha
  1919 | D:3      | Found a runed translucent door.
  1920 | D:3      | Noticed Crazy Yiuf
  1953 | D:3      | Reached skill level 9 in Axes
  2123 | D:3      | Killed Crazy Yiuf
  2124 | D:3      | Reached XP level 7. HP: 29/57 MP: 6/6
  2557 | D:4      | Found a white marble altar of Elyvilon.
  2613 | D:4      | Reached skill level 10 in Axes
  3041 | D:4      | Found a staircase to the Ecumenical Temple.
  3050 | Temple   | Entered the Ecumenical Temple
  3179 | Temple   | Became a worshipper of Warmaster Okawaru
  3263 | D:5      | Entered Level 5 of the Dungeon
  3298 | D:5      | Reached skill level 1 in Invocations
  3449 | D:5      | Reached * piety under Okawaru
  3450 | D:5      | Reached XP level 8. HP: 57/64 MP: 7/9
  3454 | D:5      | Reached skill level 11 in Axes
  3638 | D:5      | Noticed Prince Ribbit
  3653 | D:5      | Killed Prince Ribbit
  3673 | D:5      | Noticed Ijyb
  3685 | D:5      | Killed Ijyb
  3887 | D:5      | Found a glowing golden altar of the Shining One.
  4038 | D:6      | Found a shadowy altar of Dithmenos.
  4040 | D:6      | Noticed Maggie
  4057 | D:6      | Killed Maggie
  4057 | D:6      | Reached ** piety under Okawaru
  4058 | D:6      | Reached skill level 12 in Axes
  4058 | D:6      | Reached skill level 5 in Invocations
  4134 | D:6      | Reached XP level 9. HP: 59/70 MP: 12/12
  4483 | D:6      | Found a runed translucent gate.
  4488 | D:6      | Noticed Grinder
  4505 | D:6      | Killed Grinder
  4505 | D:6      | Reached *** piety under Okawaru
  4506 | D:6      | Found a runed translucent gate.
  4506 | D:6      | Found a runed translucent gate.
  4735 | D:6      | Identified the +5 scale mail "Qeuhut" {+Blink Dex+2}
  4783 | D:6      | Noticed DevastatorOne's ghost (novice DjFi)
  5084 | D:7      | Reached skill level 13 in Axes
  5085 | D:7      | Found Faeph's Weapon Emporium.
  5191 | D:7      | Identified the ring of Yleal {Wiz Stlth+}
  5544 | D:8      | Identified 2 scrolls of acquirement
  5610 | D:8      | Reached **** piety under Okawaru
  5611 | D:8      | Reached skill level 14 in Axes
  5611 | D:8      | Reached XP level 10. HP: 72/77 MP: 13/15
  5618 | D:8      | Found a glowing silver altar of Zin.
  5618 | D:8      | Found a blossoming altar of Fedhas.
  5743 | D:8      | Found a flagged portal.
  5759 | Bailey   | Entered a bailey
  5764 | Bailey   | Noticed an orc warlord
  5831 | Bailey   | Found a runed translucent gate.
  5831 | Bailey   | Found a runed translucent gate.
  5831 | Bailey   | Found a runed translucent gate.
  6023 | Bailey   | Acquired 775 gold pieces
  6025 | Bailey   | Acquired the ring of the Hare {EV+10}
  6025 | Bailey   | Found the ring of the Hare {EV+10}
  6048 | Bailey   | Killed an orc warlord
  6048 | Bailey   | Received a gift from Okawaru
  6048 | Bailey   | Received a gift from Okawaru
  6064 | Bailey   | Identified the +10 spear of the Badger {flame, rElec Dex+2
                  | SInv}
  6612 | D:8      | Reached skill level 15 in Axes
  6717 | D:9      | Noticed a gargoyle
  6725 | D:9      | Killed a gargoyle
  6758 | D:9      | Reached skill level 10 in Invocations
  6760 | D:9      | Noticed Erolcha
  6775 | D:9      | HP: 1/77 [something (26)]
  6777 | D:9      | Killed Erolcha
  6781 | D:9      | Reached skill level 16 in Axes
  6786 | D:9      | Noticed a catoblepas
  6818 | D:9      | Killed a catoblepas
  6818 | D:9      | Reached ***** piety under Okawaru
  6819 | D:9      | Reached skill level 1 in Dodging
  6819 | D:9      | Reached XP level 11. HP: 11/84 MP: 17/17
  7034 | D:9      | Paralysed by a floating eye for 4 turns
  7057 | D:9      | Noticed a skeletal warrior
  7070 | D:9      | Killed a skeletal warrior
  7297 | D:9      | Noticed a skyshark
  7305 | D:9      | a skyshark changed into a death drake
  7305 | D:9      | Noticed a death drake (shapeshifter)
  7309 | D:9      | HP: 1/85 [death drake (shapeshifter)/foul vapour (17)]
  7310 | D:9      | Engulfed by a death drake (shapeshifter)'s foul pestilence

Illustrated notes

Levels and vault maps discovered:
D:1:      dpeg_arrival_tiny_g, layout_loops_cross, serial_shops, shop
D:2:      layout_basic, basic_altar
D:3:      layout_rooms, uniq_natasha, uniq_crazy_yiuf_cottage, uniq_sigmund
D:4:      layout_basic, elyvilon_altar_5, minmay_temple_entry_poolview,
          minmay_misc_feat_diagonals
D:5:      layout_cave_pools, nicolae_overflow_crystal_walls, uniq_ijyb,
          uniq_prince_ribbit1
D:6:      layout_rooms, mainiacjoe_overflow_tiny_flanked,
          gammafunk_ghost_necromancy, kennysheep_boxes, uniq_maggie,
          uniq_grinder
D:7:      layout_basic, serial_shops, nicolae_shop_bloodbath_and_beyond,
          chequers_serial_rivers_micro_e
D:8:      layout_layer_cave, mainiacjoe_overflow_large_starburst,
          enter_bailey_5, minivault_4
D:9:      minmay_the_grid_net [minmay_the_grid_large_cup,
          minmay_the_grid_diamond_grid, minmay_the_grid_holed_spiral,
          minmay_the_grid_slots, minmay_the_grid_embedded,
          minmay_the_grid_prize_inner_circle], layout_basic,
          gammafunk_temple_overflow_pools, serial_bayou, serial_bayou_pond_d,
          serial_bayou_lagoon_a, serial_bayou_pond_e, serial_bayou_pond_b,
          uniq_pikel, uniq_erolcha
Temple:   nicolae_temple_superstar

Skill      XL: |  1  2  3  4  5  6  7  8  9 10 11 |
---------------+----------------------------------+-----
Axes           | 3 4 5 6 8 9 10 12 14 16 | 16.0
Invocations    | 3 5 8 10 | 10.0
Fighting       | 4 |  4.6
Armour         | 4 |  4.5
Dodging        | 1 2 |  2.2
Shields        | 4 |  4.5

Action                     |  1- 3 |  4- 6 |  7- 9 | 10-12 || total
---------------------------+-------+-------+-------+-------++-------
  Melee: War axe           |    78 |   104 |   293 |    68 ||   543
         Headbutt          |     8 |     6 |    46 |    22 ||    82
         Broad axe         |       |       |       |    77 ||    77
 Invoke: Heroism           |       |       |     1 |     2 ||     3
    Use: Scroll            |       |       |    13 |     3 ||    16
         Potion            |       |       |       |     2 ||     2
 Armour: Scale mail        |     5 |       |    23 |    22 ||    50
         Plate armour      |    41 |    69 |   105 |       ||   215
  Dodge: Dodged            |    32 |    27 |    48 |    66 ||   173
  Block: Buckler           |    12 |    38 |   106 |    60 ||   216
         Reflection        |       |     4 |     3 |     6 ||    13
